 Dungeon Crawl Stone Soup version 0.31-a0-532-g28f74ba3e5 (webtiles) character file.

Game seed: 2069155822876994406

107 bobarctor the Chiller (level 4, 0/30 HPs)
             Began as a Demonspawn Ice Elementalist on Aug 12, 2023.
             Slain by Pikel
             ... wielding a +1 whip of freezing
              (1 damage)
             ... on level 4 of the Dungeon.
             The game lasted 00:11:12 (3340 turns).

bobarctor the Chiller (Demonspawn Ice Elementalist) Turns: 3340, Time: 00:11:12

Health: 0/30       AC: 12    Str:  9    XL:     4   Next: 57%
Magic:  0/9        EV: 12    Int: 18    God:
Gold:   197        SH:  0    Dex: 13    Spells: 2/9 levels left

rFire   . . .        l - +5 spear
rCold   . . .        (no shield)
rNeg    . . .        a - +0 robe
rPois   .            (no helmet)
rElec   .            o - +2 cloak
rCorr   .            (no gloves)
SInv    .            (no boots)
Will    .....        (no amulet)
Stlth   ++           (no ring)
HPRegen 0.25/turn    (no ring)
MPRegen 0.11/turn

%: no passive effects
@: ice-armoured, very slightly contaminated
A: rugged brown scales 1
a: no special abilities


You were on level 4 of the Dungeon.
You visited 1 branch of the dungeon, and saw 4 of its levels.

You collected 197 gold pieces.

Inventory:

Hand Weapons
 c - a +0 dagger
 l - a +5 spear (weapon)
 n - a +2 quarterstaff of chaos
Missiles
 d - 43 stones
 g - 4 javelins
 h - 2 boomerangs
 r - 2 poisoned darts
Armour
 a - a +0 robe (worn)
 e - a +0 buckler
 o - a +2 cloak (worn)
Magical Staves
 v - a staff of cold
Scrolls
 i - 2 scrolls of identify {unknown}
 j - 2 scrolls of fog {unknown}
 m - 2 scrolls of vulnerability {unknown}
 p - a scroll of acquirement {unknown}
 q - a scroll of teleportation {unknown}
 t - a scroll of noise {unknown}
Potions
 b - a potion of magic
 f - 2 potions of heal wounds {unknown}
 k - 2 potions of mutation {unknown}
 s - a potion of haste {unknown}
 u - a potion of lignification {unknown}


   Skills:
 + Level 1.8 Dodging
 + Level 1.8 Stealth
 * Level 3.4 Spellcasting
 + Level 4.6 Ice Magic


You had 2 spell levels left.
You knew the following spells:

 Your Spells              Type           Power      Damage    Failure   Level
a - Freeze                Ice            76%        1d8       2%          1
b - Ozocubu's Armour      Ice            19%        N/A       7%          3
c - Frozen Ramparts       Ice            38%        1d6       7%          3

Your spell library contained the following spells:

 Spells                   Type           Power      Damage    Failure   Level
 Summon Ice Beast         Ice/Summ       11%        N/A       52%         4


Dungeon Overview and Level Annotations

Branches:
Dungeon (4/15)
 Temple: D:4-7

Altars:
Cheibriados
Nemelex Xobeh
Uskayaw

Annotations:
D:4 Eustachio, Pikel


Innate Abilities, Weirdness & Mutations

You are partially covered in rugged brown scales. (AC +1, +3% HP)


Message History

Pikel is severely wounded.
The wall freezes the lemure.
The wall freezes Pikel.
Pikel hits you with a +1 whip of freezing.
Pikel freezes you.
The wall freezes the lemure but does no damage.
Casting: Freeze (safe; 2% risk of failure)
Confirm with . or Enter, or press ? or * to list all spells.
Aiming: Freeze (safe; 2% risk of failure)
Press: ? - help, Shift-Dir - straight line, f/p - Pikel
Aim: Pikel, wielding a +1 whip of freezing and wearing a +0 robe (severely wounded)
You miscast Freeze.
You are very lightly contaminated with residual magic.
Nothing appears to happen.
The frozen ramparts melt away.
Pikel hits you with a +1 whip of freezing.
Pikel freezes you.
Casting: Freeze (safe; 2% risk of failure)
Confirm with . or Enter, or press ? or * to list all spells.
Aiming: Freeze (safe; 2% risk of failure)
Press: ? - help, Shift-Dir - straight line, f/p - Pikel
Aim: Pikel, wielding a +1 whip of freezing and wearing a +0 robe (severely wounded)
You freeze Pikel.
Pikel is severely wounded.
Pikel barely misses you.
You hit Pikel but do no damage.
Pikel is severely wounded.
Pikel hits you with a +1 whip of freezing!
* * * LOW HITPOINT WARNING * * *
Pikel freezes you.
* * * LOW HITPOINT WARNING * * *
Unknown command.
You closely miss Pikel.
Pikel is severely wounded.
Pikel hits you but does no damage.
Unknown command.
You hit Pikel but do no damage.
Pikel is severely wounded.
Pikel hits you with a +1 whip of freezing.
* * * LOW HITPOINT WARNING * * *
Pikel freezes you.
You die...

.# ... .. ...
.5 #.# .# #.#
#.# #.# ..#
#.# ###.#
####.####5..#
#.
#..)..@K55###
#.
##.##.######
#O ##..##.#
#. #..###.#
#.##<## #.#
#.#..# #.#
#...## #.#
#..## #.#
#..##


You could see Pikel and 3 lemures.

Vanquished Creatures
  Crazy Yiuf (D:2)
  2 adders
  3 orcs
  6 ball pythons
  4 endoplasms
  4 goblins
  4 hobgoblins
  6 jackals (D:1)
  12 kobolds
  3 quokkas (D:1)
  3 bats (D:1)
  2 frilled lizards
  2 rats (D:1)
52 creatures vanquished.

Notes
Turn   | Place    | Note
-------+----------+-------------------------------------------
     0 | D:1      | bobarctor the Demonspawn Ice Elementalist began the quest
                  | for the Orb.
     0 | D:1      | Reached XP level 1. HP: 13/13 MP: 3/3
   220 | D:1      | Gained mutation: You are partially covered in rugged brown
                  | scales. (AC +1, +3% HP) [demonic ancestry]
   220 | D:1      | Reached XP level 2. HP: 13/19 MP: 1/5
   265 | D:1      | Reached skill level 4 in Ice Magic
   781 | D:1      | Reached XP level 3. HP: 24/24 MP: 2/6
   930 | D:1      | Found a faded altar of an unknown god.
   964 | D:1      | Learned a level 3 spell: Ozocubu's Armour
   968 | D:1      | Learned a level 3 spell: Frozen Ramparts
  1616 | D:2      | Found a snail-covered altar of Cheibriados.
  1736 | D:2      | Found a runed translucent door.
  1737 | D:2      | Noticed Crazy Yiuf
  2077 | D:2      | Killed Crazy Yiuf
  2078 | D:2      | Reached XP level 4. HP: 23/30 MP: 1/8
  2678 | D:3      | Found a hide-covered altar of Uskayaw.
  3056 | D:3      | Found a sparkling altar of Nemelex Xobeh.
  3272 | D:4      | Noticed Eustachio
  3274 | D:4      | Noticed an ogre
  3318 | D:4      | Noticed a lemure
  3320 | D:4      | Noticed Pikel
  3320 | D:4      | Noticed a lemure
  3333 | D:4      | Noticed a lemure
  3340 | D:4      | HP: 1/30 [Pikel/+1 whip of freezing (1)]
  3340 | D:4      | Slain by Pikel

Illustrated notes

Levels and vault maps discovered:
D:1:      dpeg_arrival_rooms_a, layout_basic,
          shapermc_ecumenical_altar_mp_urbaneastern
D:2:      layout_basic, basic_altar, uniq_crazy_yiuf_cottage
D:3:      minmay_general_purpose_star, layout_loops_corners,
          nemelex_dance_club_becter, nicolae_tso_carved_into_rock,
          mainiacjoe_overflow_boulevard
D:4:      cheibrodos_old_hovel, layout_rooms, mainiacjoe_overflow_paths,
          mainiacjoe_overflow_alcove_4, minmay_misc_feat_more_columns,
          minmay_distorted, uniq_menkaure, uniq_pikel, uniq_eustachio

Skill      XL: |  1  2  3 |
---------------+----------+-----
Ice Magic      | 4 |  4.6
Spellcasting   | 3 |  3.4
Dodging        | |  1.8
Stealth        | |  1.8

Action                     |  1- 3 |  4- 6 || total
---------------------------+-------+-------++-------
  Melee: Dagger            |    12 |       ||    12
         Spear             |     9 |    31 ||    40
   Cast: Freeze            |    56 |     5 ||    61
         Frozen Ramparts   |     3 |     2 ||     5
         Ozocubu's Armour  |     2 |     2 ||     4
   Stab: Sleeping          |       |     2 ||     2
 Armour: Robe              |    15 |    13 ||    28
  Dodge: Dodged            |    39 |    19 ||    58

Table legend: (Time is in decaauts)
 A = Elapsed time spent in this place.
 B = Non-inter-level travel time spent in this place.
 C = Inter-level travel time spent in this place.
 D = Time resting spent in this place.
 E = Time spent auto-exploring this place.
 F = Levels seen in this place.
 G = Mean time per level.
                   A        B        C        D        E       F      G
               +--------+--------+--------+--------+--------+-----+--------+
         Total |   3342 |   3281 |     61 |    615 |   2146 |   4 |  835.5 |
       Dungeon |   3342 |   3281 |     61 |    615 |   2146 |   4 |  835.5 |
               +--------+--------+--------+--------+--------+-----+--------+

Top non-repeatable levels by time:
     D:1: 1338 daAuts
     D:3: 1098 daAuts
     D:2: 835 daAuts
     D:4: 70 daAuts
